| TOP OF THE 1ST |
|
San Antonio Missions batting - Pitching for Tulsa Drillers : LHP Jonathan Daniels
|
|
Pitching: LHP Jonathan Daniels
|
|
|
Batting: RHB Dave McBain
|
0-0: Ball 1-0: Bunt missed! 1-1: Ground out 4-3 (Groundball, 4, EV 80.0 MPH)
|
|
Batting: RHB Freddie Brown
|
0-0: Ball 1-0: Called Strike 1-1: Foul Ball, location: 2F 1-2: Strikes out swinging
|
|
Batting: LHB Matt Patnaude
|
0-0: Called Strike 0-1: Ball 1-1: Ground out 1-3 (Groundball, 34S, EV 63.8 MPH)
|
| Top of the 1st over - 0 runs, 0 hits, 0 errors, 0 left on base; San Antonio 0 - Tulsa 0 |
| BOTTOM OF THE 1ST |
|
Tulsa Drillers batting - Pitching for San Antonio Missions : RHP Danny Rasdall
|
|
Pitching: RHP Danny Rasdall
|
|
|
Batting: RHB Marcos Villalobos
|
0-0: Ball 1-0: Ball 2-0: Foul Ball, location: 2F 2-1: Ball 3-1: Foul Ball, location: 2F 3-2: Strikes out looking
|
|
Batting: SHB Nate Kopchak
|
0-0: Called Strike 0-1: Ball 1-1: Foul Ball, location: 2F 1-2: Foul Ball, location: 2F 1-2: Foul Ball, location: 2F 1-2: Ground out 1-3 (Groundball, 34S, EV 68.8 MPH)
|
|
Batting: LHB Kevin Wiebe
|
0-0: Foul Ball, location: 2F 0-1: Fly out, F8 (Flyball, 8RM, EV 95.0 MPH)
|
| Bottom of the 1st over - 0 runs, 0 hits, 0 errors, 0 left on base; San Antonio 0 - Tulsa 0 |
| TOP OF THE 2ND |
|
San Antonio Missions batting - Pitching for Tulsa Drillers : LHP Jonathan Daniels
|
|
Batting: RHB Jaden Scott
|
0-0: Ball 1-0: Ball 2-0: Ball 3-0: Called Strike 3-1: Foul Ball, location: 2F 3-2: Strikes out swinging
|
|
Batting: RHB Joe Weissman
|
0-0: Called Strike 0-1: Ball 1-1: Ball 2-1: Called Strike 2-2: Ball 3-2: Ground out U3 (Groundball, 3, EV 96.9 MPH)
|
|
Batting: RHB Adrian Martinelli
|
0-0: Called Strike 0-1: Ball 1-1: Foul Ball, location: 2F 1-2: Foul Ball, location: 2F 1-2: Ball 2-2: SINGLE (Line Drive, 78S, EV 106.9 MPH)
|
|
Batting: RHB David Aguilar
|
0-0: Foul Ball, location: 2F 0-1: Ball 1-1: SINGLE (Groundball, 34S, EV 66.9 MPH) (infield hit) Adrian Martinelli to second
|
|
Batting: RHB Roberto Monzon
|
0-0: Ball 1-0: Swinging Strike 1-1: Called Strike 1-2: SINGLE (Line Drive, 89S, EV 95.6 MPH) Adrian Martinelli to third David Aguilar to second Runner from 3rd tries for Home, SAFE, throw by RF to home
|
|
Batting: LHB Josh Slusarczyk
|
0-0: Called Strike 0-1: Ball 1-1: Fly out, F9 (Flyball, 89M, EV 96.9 MPH)
|
| Top of the 2nd over - 1 run, 3 hits, 0 errors, 2 left on base; San Antonio 1 - Tulsa 0 |
| BOTTOM OF THE 2ND |
|
Tulsa Drillers batting - Pitching for San Antonio Missions : RHP Danny Rasdall
|
|
Batting: LHB Chris Buchan
|
0-0: SINGLE (Line Drive, 56D, EV 96.9 MPH)
|
|
Batting: SHB Justin Toth
|
0-0: Ball 1-0: Foul Ball, location: 2F 1-1: Ball 2-1: Ball 3-1: SINGLE (Groundball, 4MD, EV 108.1 MPH) Chris Buchan to second
|
|
Batting: RHB Aaron Burress
|
0-0: SINGLE (Flyball, 3D, EV 95.6 MPH) Chris Buchan to third Justin Toth to second
|
|
Batting: RHB Tony Rivera
|
0-0: Ball 1-0: Ball 2-0: DOUBLE (Groundball, 3L, EV 100.6 MPH) Chris Buchan scores Justin Toth scores Aaron Burress to third
|
|
Batting: RHB Nick Getz
|
0-0: Ball 1-0: Foul Ball, location: 2F 1-1: SINGLE (Flyball, 9LS, EV 84.4 MPH) Aaron Burress scores Tony Rivera to third
|
|
Batting: RHB Kyle Garrett
|
0-0: Ball 1-0: Foul Ball, location: 2F 1-1: Ball 2-1: Ball Nick Getz is caught stealing 2nd base 2-4 3-1: Fly out, F7 (Line Drive, 7, EV 90.6 MPH)
|
|
Batting: RHB Marcos Villalobos
|
0-0: Ball 1-0: Ball 2-0: Ball 3-0: Called Strike 3-1: Ground out 4-3 (Groundball, 34, EV 83.1 MPH)
|
| Bottom of the 2nd over - 3 runs, 5 hits, 0 errors, 1 left on base; San Antonio 1 - Tulsa 3 |
| TOP OF THE 3RD |
|
San Antonio Missions batting - Pitching for Tulsa Drillers : LHP Jonathan Daniels
|
|
Batting: RHB Dave McBain
|
0-0: Ball 1-0: Bunt - Flyout to 2R! F2
|
|
Batting: RHB Freddie Brown
|
0-0: Ball 1-0: SINGLE (Flyball, 7S, EV 86.9 MPH)
|
|
Batting: LHB Matt Patnaude
|
0-0: Foul Ball, location: 2F 0-1: Ball 1-1: Ball 2-1: Called Strike 2-2: Foul Ball, location: 2F 2-2: Ball 3-2: Base on Balls Freddie Brown to second
|
|
Batting: RHB Jaden Scott
|
0-0: Called Strike 0-1: Swinging Strike 0-2: Strikes out swinging
|
|
Batting: RHB Joe Weissman
|
0-0: Swinging Strike 0-1: Ball 1-1: Foul Ball, location: 2F 1-2: Ball 2-2: Fielders Choice at 2nd, 5-4 (Groundball, 56, EV 87.5 MPH)
|
| Top of the 3rd over - 0 runs, 1 hit, 0 errors, 2 left on base; San Antonio 1 - Tulsa 3 |
| BOTTOM OF THE 3RD |
|
Tulsa Drillers batting - Pitching for San Antonio Missions : RHP Danny Rasdall
|
|
Batting: SHB Nate Kopchak
|
0-0: Ball 1-0: Ball 2-0: Called Strike 2-1: Foul Ball, location: 2F 2-2: Foul Ball, location: 2F 2-2: Fly out, F8 (Flyball, 8RXD, EV 100.0 MPH)
|
|
Batting: LHB Kevin Wiebe
|
0-0: Called Strike 0-1: Ball 1-1: Foul Ball, location: 2F 1-2: Foul Ball, location: 2F 1-2: Strikes out swinging
|
|
Batting: LHB Chris Buchan
|
0-0: Ball 1-0: Ball 2-0: Ball 3-0: Called Strike 3-1: Ground out 4-3 (Groundball, 4, EV 101.2 MPH)
|
| Bottom of the 3rd over - 0 runs, 0 hits, 0 errors, 0 left on base; San Antonio 1 - Tulsa 3 |
| TOP OF THE 4TH |
|
San Antonio Missions batting - Pitching for Tulsa Drillers : LHP Jonathan Daniels
|
|
Batting: RHB Adrian Martinelli
|
0-0: Ball 1-0: Ball 2-0: Called Strike 2-1: Ball 3-1: Called Strike 3-2: Base on Balls
|
|
Batting: RHB David Aguilar
|
0-0: Foul Ball, location: 2F 0-1: Ball 1-1: Ball 2-1: Ball 3-1: Called Strike 3-2: Base on Balls Adrian Martinelli to second
|
|
Batting: RHB Roberto Monzon
|
0-0: Ball 1-0: Fly out, F3 (Popup, 34, EV 67.5 MPH)
|
|
Batting: LHB Josh Slusarczyk
|
0-0: Called Strike 0-1: Swinging Strike 0-2: Strikes out swinging
|
|
Batting: RHB Dave McBain
|
0-0: SINGLE (Line Drive, 56D, EV 98.8 MPH) Adrian Martinelli to third David Aguilar to second
|
|
Batting: RHB Freddie Brown
|
0-0: Swinging Strike 0-1: Swinging Strike 0-2: Strikes out swinging
|
| Top of the 4th over - 0 runs, 1 hit, 0 errors, 3 left on base; San Antonio 1 - Tulsa 3 |
| BOTTOM OF THE 4TH |
|
Tulsa Drillers batting - Pitching for San Antonio Missions : RHP Danny Rasdall
|
|
Batting: SHB Justin Toth
|
0-0: Fly out, F7 (Flyball, 7S, EV 85.0 MPH)
|
|
Batting: RHB Aaron Burress
|
0-0: Ball 1-0: SINGLE (Flyball, 8RS, EV 92.5 MPH)
|
|
Batting: RHB Tony Rivera
|
0-0: Called Strike 0-1: Ball 1-1: Swinging Strike 1-2: Ball 2-2: DOUBLE (Line Drive, 8LXD, EV 110.6 MPH) Aaron Burress to third
|
|
Batting: RHB Nick Getz
|
0-0: Fly out, F8 (Flyball, 8RXD, EV 91.9 MPH) Runner from 3rd tags up, SCORES, no throw by CF Tony Rivera to third
|
|
Batting: RHB Kyle Garrett
|
0-0: DOUBLE (Line Drive, 9LD, EV 101.2 MPH) Tony Rivera scores
|
|
Pitching: RHP Chad Norris
|
|
|
Batting: RHB Marcos Villalobos
|
0-0: Called Strike 0-1: Ball 1-1: Foul Ball, location: 2F 1-2: Fly out, F9 (Flyball, 89M, EV 85.6 MPH)
|
| Bottom of the 4th over - 2 runs, 3 hits, 0 errors, 1 left on base; San Antonio 1 - Tulsa 5 |
| TOP OF THE 5TH |
|
San Antonio Missions batting - Pitching for Tulsa Drillers : LHP Jonathan Daniels
|
|
Batting: LHB Matt Patnaude
|
0-0: Ball 1-0: Foul Ball, location: 2F 1-1: Ball 2-1: Ball 3-1: Swinging Strike 3-2: Ground out 4-3 (Groundball, 34D, EV 109.4 MPH)
|
|
Pitching: RHP Carlos Llamas
|
|
|
Batting: RHB Jaden Scott
|
0-0: Ball 1-0: Foul Ball, location: 2F 1-1: Foul Ball, location: 2F 1-2: Foul Ball, location: 2F 1-2: Ball 2-2: Fly out, F8 (Flyball, 8RS, EV 93.8 MPH)
|
|
Batting: RHB Joe Weissman
|
0-0: Ball 1-0: Foul Ball, location: 2F 1-1: Ball 2-1: Swinging Strike 2-2: Foul Ball, location: 2F 2-2: Fly out, F7 (Flyball, 7, EV 87.5 MPH)
|
| Top of the 5th over - 0 runs, 0 hits, 0 errors, 0 left on base; San Antonio 1 - Tulsa 5 |
| BOTTOM OF THE 5TH |
|
Tulsa Drillers batting - Pitching for San Antonio Missions : RHP Chad Norris
|
|
Batting: SHB Nate Kopchak
|
0-0: Called Strike 0-1: SINGLE (Line Drive, 78S, EV 91.2 MPH)
|
|
Batting: LHB Kevin Wiebe
|
0-0: Called Strike 0-1: Called Strike 0-2: Ball 1-2: Grounds into double play, 4-6-3 (Groundball, 4, EV 80.6 MPH)
|
|
Batting: LHB Chris Buchan
|
0-0: Foul Ball, location: 2F 0-1: Ball 1-1: Ball 2-1: Foul Ball, location: 2F 2-2: Strikes out swinging
|
| Bottom of the 5th over - 0 runs, 1 hit, 0 errors, 0 left on base; San Antonio 1 - Tulsa 5 |
| TOP OF THE 6TH |
|
San Antonio Missions batting - Pitching for Tulsa Drillers : RHP Carlos Llamas
|
|
Batting: RHB Adrian Martinelli
|
0-0: Foul Ball, location: 2F 0-1: Called Strike 0-2: Foul Ball, location: 2F 0-2: Strikes out swinging
|
|
Batting: RHB David Aguilar
|
0-0: Ball 1-0: Ball 2-0: Ball 3-0: Base on Balls
|
|
Batting: RHB Roberto Monzon
|
0-0: Called Strike 0-1: Ball 1-1: Ball 2-1: Swinging Strike 2-2: Fly out, F9 (Flyball, 9D, EV 86.2 MPH)
|
|
Batting: LHB Josh Slusarczyk
|
0-0: Ball 1-0: Ball 2-0: Called Strike 2-1: Ground out 2-3 (Groundball, 15S, EV 62.5 MPH)
|
| Top of the 6th over - 0 runs, 0 hits, 0 errors, 1 left on base; San Antonio 1 - Tulsa 5 |
| BOTTOM OF THE 6TH |
|
Tulsa Drillers batting - Pitching for San Antonio Missions : RHP Chad Norris
|
|
Batting: SHB Justin Toth
|
0-0: Foul Ball, location: 2F 0-1: Ball 1-1: Foul Ball, location: 2F 1-2: Ball 2-2: Ball 3-2: Fly out, F8 (Flyball, 8LM, EV 90.0 MPH)
|
|
Batting: RHB Aaron Burress
|
0-0: Called Strike 0-1: Ball 1-1: Ball 2-1: Fly out, F8 (Flyball, 8LM, EV 76.9 MPH)
|
|
Batting: RHB Tony Rivera
|
0-0: Swinging Strike 0-1: Ball 1-1: Foul Ball, location: 2F 1-2: Foul Ball, location: 2F 1-2: SINGLE (Groundball, 6S, EV 70.6 MPH) (infield hit)
|
|
Batting: RHB Nick Getz
|
0-0: Called Strike 0-1: Ball 1-1: Ball 2-1: Ball 3-1: Ground out 4-3 (Groundball, 4, EV 101.9 MPH)
|
| Bottom of the 6th over - 0 runs, 1 hit, 0 errors, 1 left on base; San Antonio 1 - Tulsa 5 |
| TOP OF THE 7TH |
|
San Antonio Missions batting - Pitching for Tulsa Drillers : RHP Carlos Llamas
|
|
Pitching: RHP Jeff Coates
|
|
|
Batting: RHB Dave McBain
|
0-0: SINGLE (Flyball, 3D, EV 93.1 MPH)
|
|
Batting: RHB Freddie Brown
|
0-0: Ball Dave McBain steals 2nd, throwing error, E2 Dave McBain to third 1-0: Foul Ball, location: 2F 1-1: Ball 2-1: Ball 3-1: Called Strike 3-2: Foul Ball, location: 2F 3-2: Foul Ball, location: 2F 3-2: Fly out, F8 (Flyball, 8RM, EV 96.2 MPH) Runner from 3rd tags up, SCORES, no throw by CF
|
|
Batting: LHB Matt Patnaude
|
0-0: Ball 1-0: Foul Ball, location: 2F 1-1: SINGLE (Groundball, 4MD, EV 110.6 MPH)
|
|
Batting: RHB Jaden Scott
|
0-0: Ball 1-0: Ball 2-0: Foul Ball, location: 2F 2-1: Called Strike 2-2: Ball 3-2: Foul Ball, location: 2F 3-2: Foul Ball, location: 2F 3-2: Foul Ball, location: 2F 3-2: Fielders Choice at 2nd, 6-4 (Groundball, 6, EV 88.1 MPH)
|
|
Batting: RHB Joe Weissman
|
0-0: Ball Jaden Scott steals 2nd base 1-0: Called Strike 1-1: Foul Ball, location: 2F 1-2: Ball 2-2: Ball 3-2: Strikes out looking
|
| Top of the 7th over - 1 run, 2 hits, 1 error, 1 left on base; San Antonio 2 - Tulsa 5 |
| BOTTOM OF THE 7TH |
|
Tulsa Drillers batting - Pitching for San Antonio Missions : RHP Chad Norris
|
|
Pitching: RHP Bryan Pitcher
|
|
|
Batting: RHB Kyle Garrett
|
0-0: Foul Ball, location: 2F 0-1: Ball 1-1: Reached on error, E5 (Groundball, 56S, EV 78.8 MPH)
|
|
Batting: RHB Marcos Villalobos
|
0-0: Ball 1-0: Sac Bunt to 15S - play at first, batter OUT! 1-3 Kyle Garrett to second
|
|
Batting: SHB Nate Kopchak
|
0-0: Called Strike 0-1: Ball Wild Pitch! Kyle Garrett to third 1-1: Foul Ball, location: 2F 1-2: Ball 2-2: Ball 3-2: Base on Balls
|
|
Batting: LHB Kevin Wiebe
|
0-0: Foul Ball, location: 2F 0-1: Foul Ball, location: 2F 0-2: Strikes out swinging
|
|
Batting: LHB Chris Buchan
|
0-0: Ball Wild Pitch! Kyle Garrett scores Nate Kopchak to second 1-0: Ball 2-0: Called Strike 2-1: Ground out 5-3 (Groundball, 56, EV 85.6 MPH)
|
| Bottom of the 7th over - 1 run, 0 hits, 1 error, 1 left on base; San Antonio 2 - Tulsa 6 |
| TOP OF THE 8TH |
|
San Antonio Missions batting - Pitching for Tulsa Drillers : RHP Jeff Coates
|
|
Pitching: RHP Jordan Arredondo
|
|
|
Batting: RHB Adrian Martinelli
|
0-0: Ball 1-0: Foul Ball, location: 2F 1-1: Ball 2-1: Foul Ball, location: 2F 2-2: Fly out, F9 (Flyball, 9, EV 92.5 MPH)
|
|
Batting: RHB David Aguilar
|
0-0: Foul Ball, location: 2F 0-1: Swinging Strike 0-2: Foul Ball, location: 2F 0-2: Foul Ball, location: 2F 0-2: Ball 1-2: Strikes out swinging
|
|
Batting: RHB Roberto Monzon
|
0-0: Ball 1-0: Ball 2-0: Called Strike 2-1: Ball 3-1: Called Strike 3-2: Base on Balls
|
|
Batting: LHB Josh Slusarczyk
|
0-0: Ball 1-0: Called Strike 1-1: Ball 2-1: Called Strike 2-2: Strikes out looking
|
| Top of the 8th over - 0 runs, 0 hits, 0 errors, 1 left on base; San Antonio 2 - Tulsa 6 |
| BOTTOM OF THE 8TH |
|
Tulsa Drillers batting - Pitching for San Antonio Missions : RHP Bryan Pitcher
|
|
Pitching: LHP Dan Gatlin
|
|
|
Batting: SHB Justin Toth
|
0-0: Called Strike 0-1: Called Strike 0-2: Foul Ball, location: 2F 0-2: Ball 1-2: Strikes out looking
|
|
Batting: RHB Aaron Burress
|
0-0: Swinging Strike 0-1: Ground out 4-3 (Groundball, 4M, EV 103.8 MPH)
|
|
Batting: RHB Tony Rivera
|
0-0: Ball 1-0: Foul Ball, location: 2F 1-1: Ball 2-1: Ball 3-1: Foul Ball, location: 2F 3-2: Foul Ball, location: 2F 3-2: Base on Balls
|
|
Batting: RHB Nick Getz
|
0-0: Called Strike 0-1: Ball 1-1: 2-RUN HOME RUN (Flyball, 9LD, EV 96.2 MPH), Distance : 382 ft
|
|
Batting: RHB Kyle Garrett
|
0-0: Fly out, F9 (Flyball, 89M, EV 90.6 MPH)
|
| Bottom of the 8th over - 2 runs, 1 hit, 0 errors, 0 left on base; San Antonio 2 - Tulsa 8 |
| TOP OF THE 9TH |
|
San Antonio Missions batting - Pitching for Tulsa Drillers : RHP Jordan Arredondo
|
|
Batting: RHB Dave McBain
|
0-0: SINGLE (Flyball, 3D, EV 93.8 MPH)
|
|
Batting: RHB Freddie Brown
|
0-0: Ball 1-0: Ball 2-0: Called Strike 2-1: Foul Ball, location: 2F 2-2: SINGLE (Groundball, 6MD, EV 105.0 MPH) Dave McBain to second
|
|
Batting: LHB Matt Patnaude
|
0-0: Ball 1-0: Foul Ball, location: 2F 1-1: Grounds into double play, 4-6-3 (Groundball, 4S, EV 81.9 MPH) Dave McBain to third
|
|
Batting: RHB Jaden Scott
|
0-0: Ball 1-0: Ball 2-0: Called Strike 2-1: Foul Ball, location: 2F 2-2: Foul Ball, location: 2F 2-2: Ball 3-2: Foul Ball, location: 2F 3-2: Strikes out swinging
|
| Top of the 9th over - 0 runs, 2 hits, 0 errors, 1 left on base; San Antonio 2 - Tulsa 8 |
|